 Dungeon Crawl Stone Soup version 0.26-a0-599-gc8f6553d2c (webtiles) character file.

Game seed: 14071952338258419072

1482 Hores the Digger (level 8, -7/44 HPs)
             Began as a Gargoyle Earth Elementalist on Aug 29, 2020.
             Was an Initiate of Vehumet.
             Mangled by an orc warrior
             ... wielding a +2 long sword of protection
              (17 damage)
             ... on level 7 of the Dungeon.
             The game lasted 00:14:19 (7396 turns).

Hores the Digger (Gargoyle Earth Elementalist)      Turns: 7396, Time: 00:14:20

Health: -7/44      AC: 14    Str: 12    XL:     8   Next: 79%
Magic:  12/24      EV: 12    Int: 18    God:    Vehumet [......]
Gold:   317        SH:  0    Dex: 10    Spells: 8/17 levels left

rFire    . . .     SeeInvis .   v - +4 flail (holy)
rCold    . . .     Faith    .   (no shield)
rNeg     + . .     Spirit   .   c - +0 robe
rPois    ∞         Reflect  .   h - +0 helmet
rElec    +         Harm     .   k - +1 cloak
rCorr    .                      (no gloves)
MR       .....                  (no boots)
Stlth    ++........             (no amulet)
HPRegen  0.14/turn              d - +4 ring of protection
MPRegen  0.19/turn              t - ring of magical power

@: no status effects
A: negative energy resistance 1, electricity resistance, unbreathing,
petrification resistance, rot immunity, AC +5
a: Renounce Religion


You were on level 7 of the Dungeon.
You worshipped Vehumet.
Vehumet was noncommittal.
You visited 2 branches of the dungeon, and saw 8 of its levels.

You collected 317 gold pieces.

Inventory:

Hand Weapons
 i - a +0 morningstar
 v - a +4 flail of holy wrath (weapon)
Missiles
 b - 55 stones (quivered)
Armour
 c - a +0 robe (worn)
 h - a +0 helmet (worn)
 k - a +1 cloak (worn)
Jewellery
 d - a +4 ring of protection (left hand)
 j - an uncursed ring of protection from magic
 p - an uncursed ring of protection from cold
 t - a ring of magical power (right hand)
Wands
 m - a wand of random effects (14)
Scrolls
 a - 6 scrolls of identify
 e - 2 scrolls of blinking
 l - a scroll of magic mapping
 o - a scroll of remove curse
 s - 3 scrolls of teleportation
Potions
 g - a potion of heal wounds
 n - a potion of lignification
 r - a potion of curing
 u - a potion of invisibility


   Skills:
 + Level 2.1 Fighting
 + Level 1.9 Maces & Flails
 + Level 2.1 Armour
 + Level 2.4 Dodging
 - Level 2.1 Stealth
 + Level 5.3 Spellcasting
 + Level 5.3 Conjurations
   Level 0.7 Transmutations
 + Level 7.5 Earth Magic
 + Level 1.9 Evocations


You had 8 spell levels left.
You knew the following spells:

 Your Spells              Type           Power        Failure   Level
a - Sandblast             Erth           ####..       1%          1
b - Stone Arrow           Conj/Erth      ####..       2%          3
c - Lee's Rapid Deconstr  Erth           ####......   16%         5

Your spell library contained the following spells:

 Spells                   Type           Power        Failure   Level
 Passwall                 Tmut/Erth      ###.....     3%          2
 Petrify                  Tmut/Erth      ###.....     24%         4


Dungeon Overview and Level Annotations

Branches:
Dungeon (7/15)             Temple (1/1) D:5

Altars:
Okawaru
Trog
Uskayaw
Vehumet
Yredelemnul
The Shining One


Innate Abilities, Weirdness & Mutations

You are resistant to torment.
Your stone body is resilient. (AC +5)
You are immune to poison.
You resist negative energy. (rN+)
You are resistant to electric shocks. (rElec)
You can survive without breathing.
You are immune to petrification.
You are immune to rotting.


Message History

* * * LOW HITPOINT WARNING * * *
Casting: Sandblast (safe; 1% risk of failure)
Confirm with . or Enter, or press ? or * to list all spells.
Aiming: Sandblast (safe; 1% risk of failure)
Press: ? - help, Shift-Dir - straight line, f/p - orc warrior
Aim: an orc warrior, wielding a +2 long sword of protection and wearing a +0 plate armour (moderately wounded)
The blast of sand hits the orc warrior but does no damage.
The orc warrior is moderately wounded.
b - 56 stones The orc warrior barely misses you.
Casting: Sandblast (safe; 1% risk of failure)
Confirm with . or Enter, or press ? or * to list all spells.
Aiming: Sandblast (safe; 1% risk of failure)
Press: ? - help, Shift-Dir - straight line, f/p - orc warrior
Aim: an orc warrior, wielding a +2 long sword of protection and wearing a +0 plate armour (lightly wounded)
The blast of sand hits the orc warrior but does no damage.
The orc warrior is lightly wounded.
b - 55 stones The orc warrior hits you with a +2 long sword of protection!
You die...

#. ##.####
.....####.
#.........
#.....#
#.<..># #
##..o##
#.####.#
#..@o{.#
########


You could see an orc warrior.

Vanquished Creatures
  Edmund (D:5)
  3 ice beasts
  A sky beast (D:5)
  2 ogres
  A howler monkey (D:4)
  A bullfrog zombie (D:5)
  2 bullfrog skeletons
  2 orc priests
  Jessica (D:2)
  A centaur skeleton (D:4)
  An iguana (D:7)
  2 orc wizards (D:4)
  5 worker ants
  A killer bee zombie (D:5)
  A hound zombie (D:5)
  Robin (D:2)
  7 gnolls
  A howler monkey skeleton (D:4)
  11 adders
  A white imp (D:5)
  An adder skeleton (D:4)
  8 worms
  2 dart slugs
  5 leopard geckos
  18 orcs
  A ball python (D:1)
  8 bats
  4 giant cockroaches
  18 goblins
  12 hobgoblins
  9 jackals
  5 quokkas
  8 frilled lizards
  6 kobolds
  14 rats
165 creatures vanquished.

Vanquished Creatures (others)
  3 plants (D:2)
3 creatures vanquished.

Grand Total: 168 creatures vanquished

Notes
Turn   | Place    | Note
-------+----------+-------------------------------------------
     0 | D:1      | Hores the Gargoyle Earth Elementalist began the quest for
                  | the Orb.
     0 | D:1      | Reached XP level 1. HP: 10/10 MP: 3/3
   198 | D:1      | Reached XP level 2. HP: 14/15 MP: 1/5
   205 | D:1      | Reached skill level 4 in Earth Magic
   801 | D:1      | Reached XP level 3. HP: 18/19 MP: 6/6
   806 | D:1      | Learned a level 3 spell: Stone Arrow
  1391 | D:2      | Reached skill level 1 in Conjurations
  1393 | D:2      | Reached XP level 4. HP: 10/24 MP: 0/8
  1558 | D:2      | Found a faded altar of an unknown god.
  1707 | D:2      | Noticed Jessica
  1711 | D:2      | Killed Jessica
  1711 | D:2      | Reached skill level 5 in Earth Magic
  1744 | D:2      | Noticed Robin
  1756 | D:2      | Killed Robin
  1756 | D:2      | Reached XP level 5. HP: 28/28 MP: 5/9
  2433 | D:2      | Learned a level 5 spell: Lee's Rapid Deconstruction
  3198 | D:2      | Reached XP level 6. HP: 32/32 MP: 11/11
  3328 | D:2      | Found a glowing golden altar of the Shining One.
  4614 | D:4      | Reached skill level 6 in Earth Magic
  5184 | D:4      | Reached XP level 7. HP: 22/36 MP: 11/13
  5896 | D:5      | Entered Level 5 of the Dungeon
  6037 | D:5      | Found a staircase to the Ecumenical Temple.
  6041 | D:5      | Reached skill level 7 in Earth Magic
  6058 | Temple   | Entered the Ecumenical Temple
  6068 | Temple   | Became a worshipper of Vehumet
  6095 | D:5      | Reached skill level 5 in Spellcasting
  6095 | D:5      | Reached XP level 8. HP: 24/42 MP: 13/15
  6294 | D:5      | Reached skill level 1 in Fighting
  6294 | D:5      | Reached skill level 1 in Armour
  6294 | D:5      | Reached skill level 1 in Evocations
  6394 | D:5      | Noticed Edmund
  6403 | D:5      | Killed Edmund
  6403 | D:5      | Reached skill level 1 in Maces & Flails
  6403 | D:5      | Reached skill level 5 in Conjurations
  7396 | D:7      | Mangled by an orc warrior

Illustrated notes

Levels and vault maps discovered:
D:1:      dpeg_arrival_rooms_a, layout_basic
D:2:      minmay_chambers_of_twos, layout_basic,
          chequers_ecumenical_altar_lobes, tso_altar, uniq_robin, uniq_jessica
D:3:      minmay_wonky_spiral, layout_loops_ring
D:4:      layout_basic
D:5:      layout_basic, minmay_temple_entry_wispy, uniq_edmund
D:6:      layout_cave_pools
D:7:      kennysheep_windowed_halls, layout_loops_cross, basic_altar,
          serial_glass, glass_columns_c, glass_columns_a, glass_columns_b,
          glass_columns_c, uniq_joseph
Temple:   nicolae_temple_the_god_donut

Skill      XL: |  1  2  3  4  5  6  7  8 |
---------------+-------------------------+-----
Earth Magic    | 4 5 6 7 |  7.5
Conjurations   | 1 2 3 4 5 |  5.3
Spellcasting   | 3 4 5 |  5.3
Fighting       | 2 |  2.1
Armour         | 2 |  2.1
Evocations     | 1 |  1.9
Maces & Flails | 1 |  1.9
Dodging        | 2 |  2.4
Stealth        | |  2.1
Transmutations | |  0.7

Action                   |  1- 3 |  4- 6 |  7- 9 || total
-------------------------+-------+-------+-------++-------
Melee: Unarmed           |    23 |       |       ||    23
       Club              |   102 |    90 |       ||   192
       Lajatang          |       |   402 |       ||   402
       Flail             |       |    40 |   116 ||   156
 Cast: Sandblast         |    19 |    31 |    51 ||   101
       Stone Arrow       |       |     1 |     5 ||     6
       Lee's Rapid Decon |       |     3 |     8 ||    11
Evoke: Wand              |       |       |     1 ||     1
  Use: Potion            |       |     8 |     1 ||     9
       Scroll            |       |     7 |     5 ||    12
 Stab: Sleeping          |     2 |    10 |     2 ||    14
Armor: Robe              |    59 |   332 |    96 ||   487
       Skin              |       |    25 |       ||    25
Dodge: Dodged            |   108 |   451 |   100 ||   659

Table legend: (Time is in decaauts)
 A = Elapsed time spent in this place.
 B = Non-inter-level travel time spent in this place.
 C = Inter-level travel time spent in this place.
 D = Time resting spent in this place.
 E = Time spent auto-exploring this place.
 F = Levels seen in this place.
 G = Mean time per level.
                   A        B        C        D        E       F      G
               +--------+--------+--------+--------+--------+-----+--------+
         Total |   7650 |   7478 |    172 |    943 |   4657 |   8 |  956.2 |
       Dungeon |   7633 |   7467 |    166 |    943 |   4654 |   7 | 1090.4 |
        Temple |     16 |     10 |      6 |      0 |      3 |   1 |   16.0 |
               +--------+--------+--------+--------+--------+-----+--------+

Top non-repeatable levels by time:
     D:2: 2156 daAuts
     D:4: 1457 daAuts
     D:1: 1328 daAuts
     D:3: 1182 daAuts
     D:5: 1181 daAuts
     D:6: 182 daAuts
     D:7: 144 daAuts
  Temple: 16 daAuts
